 Dungeon Crawl Stone Soup version 0.20.1-1-g8b1a95d (webtiles) character file.

36 Pasahar the Grave Robber (level 3, 0/24 HPs)
             Began as a Mummy Necromancer on Sept 3, 2017.
             Slain by an adder (1 damage)
             ... on level 2 of the Dungeon.
             The game lasted 01:01:57 (1486 turns).

Pasahar the Grave Robber (Mummy Necromancer)        Turns: 1486, Time: 01:01:58

Health: 0/24       AC:  2    Str: 11    XL:     3   Next: 19%
Magic:  0/8        EV: 12    Int: 15    God:
Gold:   46         SH:  0    Dex: 12    Spells: 7/9 levels left

rFire    x . .     SeeInvis .   (no weapon)
rCold    + . .     Gourm    .   (no shield)
rNeg     + + +     Faith    .   a - +0 robe
rPois    ∞         Spirit   .   (no helmet)
rElec    .         Reflect  .   (no cloak)
rCorr    .         Harm     .   (no gloves)
MR       .....                  (no boots)
Stlth    ++........             (no amulet)
Regen    0.1/turn               (no ring)
MPRegen  0.2/turn               (no ring)

@: very slightly contaminated
A: no food or potions, fire vulnerability, cold resistance 1, negative energy
resistance 3, torment resistance, unbreathing
a: no special abilities


You were on level 2 of the Dungeon.
You were not hungry.

You visited 1 branch of the dungeon, and saw 2 of its levels.

You collected 46 gold pieces.

Inventory:

Hand Weapons
 h - a +0 club
 i - a +0 dagger
 l - a +0 dagger
 m - a +0 whip
 o - a +0 club
 r - a cursed -2 short sword
 s - a +0 club
 t - a +0 club
 u - a +0 short sword
 x - a +0 dagger
Missiles
 c - 40 stones (quivered)
Armour
 a - a +0 robe (worn)
Scrolls
 d - a scroll of teleportation {unknown}
 e - a scroll of fog {unknown}
 j - a scroll of remove curse {unknown}
 n - 3 scrolls of magic mapping {unknown}
 v - a scroll of random uselessness {unknown}
 w - a scroll of identify {unknown}
Potions
 g - a potion of curing {unknown}
 k - a potion of brilliance {unknown}
 p - 2 potions of flight {unknown}
 q - a potion of lignification {unknown}
Books
 b - a book of Necromancy

   Spells                             Type                      Level
   a - Pain                           Necromancy                   1
   b - Animate Skeleton               Necromancy                   1
   c - Vampiric Draining              Necromancy                   3
   d - Regeneration                   Charms/Necromancy            3
   e - Animate Dead                   Necromancy                   4
   f - Control Undead                 Necromancy                   4
Comestibles
 f - 2 meat rations
 z - 3 inedible chunks of flesh
 A - a fruit


   Skills:
 * Level 1.6 Dodging
 - Level 1.6 Stealth
 - Level 0.2 Unarmed Combat
 * Level 3.5 Spellcasting
 * Level 4.5 Necromancy


You had 7 spell levels left.
You knew the following spells:

 Your Spells              Type           Power        Failure   Level  Hunger
a - Pain                  Necr           ###.         3%          1    N/A
b - Animate Skeleton      Necr           N/A          3%          1    N/A

Dungeon Overview and Level Annotations

Branches:
Dungeon (2/15)

Altars:


Innate Abilities, Weirdness & Mutations

You do not eat or drink.
Your flesh is vulnerable to fire.
You are immune to poison.
Your flesh is cold resistant. (rC+)
You are immune to negative energy. (rN+++)
You are immune to unholy pain and torment.
You can survive without breathing.


Message History

You don't have enough magic to cast that spell.
You closely miss the adder.
The adder is moderately wounded.
The adder barely misses you. The adder closely misses you. The adder bites you.
* * * LOW HITPOINT WARNING * * *
The adder bites you.
* * * LOW HITPOINT WARNING * * *
You barely miss the adder.
The adder is moderately wounded.
The adder completely misses you. The adder bites you but does no damage.
The adder closely misses you.
Casting: Pain
Confirm with . or Enter, or press ? or * to list all spells.
Aiming: Pain
Press: ? - help, Shift-Dir - straight line, f/p - adder
Aim: an adder (moderately wounded, chance to defeat MR: 81%)
The adder writhes in agony!
The adder bites you.
You die...

#.##.#.#.##.#
###....#.#.##.#
........#....#
#...........#
#....<....#.#############
#.........#.............#
#........lS............#
#........#S............#
.###....#####@............#
........# #.............#
.####...###################
......>...<# .#####.#####
#. ##


You could see 2 adders and a frilled lizard.

Vanquished Creatures
  An adder (D:2)
  A dart slug (D:1)
  A leopard gecko (D:1)
  2 bats (D:2)
  A giant cockroach (D:1)
  2 goblins (D:1)
  2 hobgoblins (D:1)
  A ball python (D:1)
  2 frilled lizards (D:1)
  5 kobolds
  A rat (D:1)
19 creatures vanquished.

Vanquished Creatures (collateral kills)
  A dart slug (D:1)
  A bat (D:1)
  A goblin (D:1)
  2 hobgoblins (D:1)
  A frilled lizard (D:1)
6 creatures vanquished.

Vanquished Creatures (others)
  A frilled lizard (D:1)
1 creature vanquished.

Grand Total: 26 creatures vanquished

Notes
Turn   | Place    | Note
-------+----------+-------------------------------------------
     0 | D:1      | Pasahar the Mummy Necromancer began the quest for the Orb.
     0 | D:1      | Reached XP level 1. HP: 13/13 MP: 4/4
     3 | D:1      | Learned a level 1 spell: Animate Skeleton
   397 | D:1      | Reached XP level 2. HP: 17/19 MP: 5/5
  1408 | D:2      | Reached XP level 3. HP: 10/24 MP: 0/8
  1481 | D:2      | HP: 1/24 [adder (2)]
  1486 | D:2      | Slain by an adder

Skill      XL: |  1  2 |
---------------+-------+-----
Spellcasting   | 3 |  3.5
Dodging        | |  1.6
Stealth        | |  1.6
Unarmed Combat | |  0.2
Necromancy     | |  4.5

Action                   || total
-------------------------++-------
Melee: Unarmed           ||    22
 Cast: Pain              ||    37
       Animate Skeleton  ||    10
Armor: Robe              ||    13
Dodge: Dodged            ||    50
